 Dungeon Crawl Stone Soup version 0.19-a0-1891-ge1d1fe8 (webtiles) character file.

14007 Banto the Grappler (level 11, -10/116 (117) HPs)
             Began as a Troll Chaos Knight on Oct 18, 2016.
             Mangled by a komodo dragon (27 damage)
             ... on level 1 of the Lair of Beasts.
             The game lasted 00:17:36 (9310 turns).

Banto the Grappler (Troll Chaos Knight)             Turns: 9310, Time: 00:17:37

HP:   -10/116 (117) AC: 10    Str: 22    XL:     11   Next: 83%
MP:   10/10         EV: 15    Int:  8    God:    Xom [*.....]
Gold: 637           SH:  0    Dex: 14    Spells: 0 memorised, 10 levels left

rFire  + + .     SeeInvis .       - Unarmed
rCold  + . .     Gourm    +     x - +1 troll leather armour
rNeg   . . .     Faith    .     (no shield)
rPois  .         Spirit   .     (helmet restricted)
rElec  .         Reflect  .     (no cloak)
rCorr  .         Harm     .     (gloves unavailable)
MR     .....                    (boots unavailable)
Stlth  +.........               B - amulet of regeneration
                                q - ring of protection from fire
                                A - +2 ring of evasion

@: cleaving
A: unfitting armour, claws 3, slimy green scales 1, agile 1, blurry vision 1,
cold resistance 1, fire resistance 1, fast metabolism 3, gourmand, regeneration
1, screaming 1, shaggy fur 1, tough skin 2
a: Renounce Religion


You were on level 1 of the Lair of Beasts.
You worshipped Xom.
You were a special plaything of Xom.
You were completely stuffed.

You visited 2 branches of the dungeon, and saw 12 of its levels.
You also visited: Ossuary and Bailey.

You collected 793 gold pieces.
You spent 156 gold pieces at shops.

Inventory:

Missiles
 r - a throwing net
 t - 8 large rocks (quivered)
Armour
 x - a +1 troll leather armour (worn)
Jewellery
 q - a ring of protection from fire (right claw)
 A - a +2 ring of evasion (left claw)
 B - an amulet of regeneration (around neck)
 J - an uncursed ring of resist corrosion
 L - an uncursed ring of fire
Wands
 p - a wand of flame (29/48)
 v - a wand of flame (24/48)
 w - a wand of iceblast (6/15)
 y - a wand of paralysis (7/24)
 I - a wand of paralysis (17/24)
Scrolls
 a - a scroll of fear
 c - 3 scrolls of magic mapping
 g - a scroll of recharging
 m - 2 scrolls of remove curse
 n - 5 scrolls of enchant weapon
 u - 5 scrolls of enchant armour
 D - a scroll of teleportation
 N - 2 scrolls of identify
Potions
 e - 6 potions of might
 f - 3 potions of agility
 i - a potion of lignification
 j - 6 potions of curing
 k - 3 potions of flight
 s - a potion of haste
 z - 2 potions of heal wounds
 F - a potion of cancellation
 G - 2 potions of resistance
 M - a potion of brilliance
Comestibles
 b - 12 bread rations
 d - 2 slices of pizza
 h - 8 meat rations
 l - a royal jelly
 o - 4 fruits
 C - a beef jerky
 E - 3 chunks of flesh


   Skills:
 - Level 10.0 Fighting
 + Level 6.7 Throwing
 + Level 6.1 Dodging
 - Level 12.0 Unarmed Combat


You had 10 spell levels left.
You didn't know any spells.

Dungeon Overview and Level Annotations

Branches:
Dungeon (11/15)            Temple (0/1) D:5            Lair (1/6) D:10
    Orc: D:9-12

Altars:
Elyvilon
Fedhas
Gozag
Hepliaklqana
Kikubaaqudgha
Okawaru
Ru
Uskayaw
Xom
The Shining One

Shops:
D:5 *

Annotations:
D:4 Eustachio


Innate Abilities, Weirdness & Mutations

You are too large for most types of armour.
You have claws for hands.
Your metabolism is lightning-fast.
You like to eat raw meat.
Your natural rate of healing is unusually fast.
You are covered in fur. (AC +1)
You have very tough skin. (AC +2)
You are partially covered in slimy green scales. (AC +2)
You are agile. (Dex +2)
Scrolls take you a little longer to read.
Your flesh is cold resistant. (rC+)
Your flesh is heat resistant. (rF+)
You occasionally shout uncontrollably at your foes.


Message History

You take 28 damage, and have 58/116 hp.
MASSIVE DAMAGE!!
You are too injured to fight recklessly!
You are too injured to fight recklessly!
You are too injured to fight recklessly!
You barely miss the komodo dragon.
The komodo dragon is almost dead.
You barely miss the komodo dragon.
The komodo dragon is almost dead.
The komodo dragon bites you!
You take 16 damage, and have 43/116 hp.
You scratch the komodo dragon but do no damage.
The komodo dragon is almost dead.
The komodo dragon bites you!!
* * * LOW HITPOINT WARNING * * *
You take 28 damage, and have 15/116 hp.
MASSIVE DAMAGE!!
You scratch the komodo dragon.
The komodo dragon is almost dead.
The komodo dragon bites you!!
You die...
Xom guffaws!

#..##.##.####...+
#...............# ..
#...............####.#.
##......................
#P..........†...........
#.............†........
##.#####..####.$......
#.#.........#....##..##
##...........+..@l.....#
#P................#....#
##.#.........P..........
##.#.........#....#....#
#P...........#.........#
##.#..............#....#
##...+#.######..........
#........... .....#.####
##.......... .......


You could see a komodo dragon.

Vanquished Creatures
  A hydra (D:11)
  Erica (D:9)
  Pikel (D:9)
  2 hill giants (D:11)
  5 deep elf magi (Bailey)
  A cyclops (D:10)
  A kobold demonologist (D:6)
  A troll (D:10)
  A hornet (D:11)
  Prince Ribbit (D:6)
  The ghost of Kirkhe the Insei, an amateur OpTm (Ossuary)
  A hippogriff (D:9)
  A spriggan (D:8)
  A wyvern (D:10)
  2 wraiths (Ossuary)
  4 yaks (D:10)
  A steam dragon (D:6)
  A vampire mosquito (D:7)
  2 porcupines (Lair:1)
  3 ice beasts
  An orc warrior (D:9)
  2 sky beasts
  A necrophage (D:11)
  3 black bears
  6 wolves (Lair:1)
  4 slaves (D:9)
  2 phantoms
  3 ogres
  A centaur (D:9)
  A crocodile (D:8)
  4 big kobolds
  7 bullfrogs
  2 scorpions
  9 wights
  5 killer bees (D:10)
  A howler monkey (D:11)
  2 bullfrog zombies
  4 crimson imps
  2 jellies
  4 hounds
  A quasit (D:8)
  2 orc priests
  3 bullfrog skeletons
  3 centaur skeletons
  2 iguanas
  7 orc wizards
  5 worker ants
  A hound zombie (D:6)
  2 hound skeletons
  A worker ant zombie (D:8)
  A howler monkey zombie (D:10)
  7 gnolls (D:4)
  16 adders
  2 river rats (D:10)
  2 shadow imps
  An ooze (D:2)
  2 adder skeletons (D:4)
  2 adder zombies
  3 worms
  A dart slug (D:1)
  5 leopard geckos
  28 orcs
  7 bats
  8 giant cockroaches
  30 goblins
  30 hobgoblins
  23 jackals
  6 quokkas
  2 ball pythons
  3 frilled lizards
  A hobgoblin skeleton (Ossuary)
  A jackal skeleton (D:5)
  11 kobolds
  3 kobold zombies (Ossuary)
  A leopard gecko zombie (D:6)
  2 orc zombies (Ossuary)
  2 quokka zombies (D:8)
  12 rats
  A fungus (D:10)
336 creatures vanquished.

Vanquished Creatures (collateral kills)
  A deep elf archer (Bailey)
  An ugly thing (D:11)
  2 deep elf magi (Bailey)
  2 hobgoblins (D:4)
  A kobold (D:4)
7 creatures vanquished.

Vanquished Creatures (others)
  A gnoll (D:4)
  A fungus (D:10)
2 creatures vanquished.

Grand Total: 345 creatures vanquished

Notes
Turn   | Place    | Note
-------+----------+-------------------------------------------
     0 | D:1      | Banto the Troll Chaos Knight began the quest for the Orb.
     0 | D:1      | Reached XP level 1. HP: 22/22 MP: 0/0
    53 | D:1      | XOM: divination: detect items
   211 | D:1      | Reached XP level 2. HP: 29/29 MP: 1/1
   592 | D:1      | XOM: silly message
   593 | D:2      | XOM: noise
   648 | D:2      | Reached XP level 3. HP: 33/37 MP: 2/2
   769 | D:2      | Reached skill level 4 in Unarmed Combat
   797 | D:2      | Reached XP level 4. HP: 27/45 MP: 3/3
   919 | D:2      | XOM: noise
   939 | D:2      | XOM: harmless Tloc miscast
  1599 | D:3      | Reached XP level 5. HP: 45/54 MP: 4/4
  1603 | D:3      | XOM: potion effect (invisibility)
  2018 | D:4      | XOM: potion effect (brilliance)
  2019 | D:4      | XOM: scenery: create altars
  2059 | D:4      | XOM: destruction
  2072 | D:4      | Reached skill level 5 in Unarmed Combat
  2156 | D:4      | Reached XP level 6. HP: 57/63 MP: 5/5
  2241 | D:4      | Noticed Eustachio
  2251 | D:4      | XOM: 2-stop teleportation journey
  2383 | D:4      | XOM: fake destruction
  2555 | D:4      | XOM is BORED!
  2555 | D:4      | XOM: medium Tloc miscast
  2786 | D:4      | Reached skill level 5 in Fighting
  2786 | D:4      | Reached skill level 6 in Unarmed Combat
  2790 | D:4      | XOM: god gift: runed troll leather armour {god gift}
  2803 | D:4      | Reached XP level 7. HP: 32/72 MP: 6/6
  2894 | D:4      | XOM: summons friendly ufetubus
  2895 | D:4      | XOM: polymorph ufetubus -> quasit
  3228 | D:5      | Entered Level 5 of the Dungeon
  3368 | D:5      | Found an iron altar of Okawaru.
  3413 | D:5      | XOM: noise
  3477 | D:5      | Reached skill level 7 in Unarmed Combat
  3484 | D:5      | Found a hide-covered altar of Uskayaw.
  3485 | D:5      | Found a blossoming altar of Fedhas.
  3487 | D:5      | Found a glowing golden altar of the Shining One.
  3488 | D:5      | Found a hazy altar of Hepliaklqana.
  3488 | D:5      | Found an iron altar of Okawaru.
  3568 | D:5      | Found Sutu's Assorted Antiques.
  3577 | D:5      | Bought a dark potion for 18 gold pieces
  3577 | D:5      | Bought a viscous brown potion for 18 gold pieces
  3577 | D:5      | Bought a scroll of identify for 40 gold pieces
  3577 | D:5      | Bought a scroll of identify for 40 gold pieces
  3577 | D:5      | Bought a ring of evasion for 40 gold pieces
  3624 | D:5      | Found an opulent altar of Gozag.
  3818 | D:5      | Found a staircase to the Ecumenical Temple.
  3867 | D:5      | Found an opulent altar of Gozag.
  3968 | D:5      | Reached XP level 8. HP: 72/83 MP: 7/7
  4191 | D:6      | Gained mutation: You are dopey. (Int -2) [potion of mutation]
  4191 | D:6      | Gained mutation: You are agile. (Dex +2) [potion of mutation]
  4191 | D:6      | Gained mutation: Your flesh is heat resistant. (rF+) [potion of mutation]
  4257 | D:6      | XOM: torment (43/84 hp)
  4336 | D:6      | XOM: scenery: create altars
  4354 | D:6      | XOM: enchant monster (good)
  4361 | D:6      | XOM: medium Necr miscast
  4488 | D:6      | Noticed a kobold demonologist
  4491 | D:6      | XOM: potion effect (might)
  4493 | D:6      | Reached skill level 8 in Unarmed Combat
  4493 | D:6      | XOM: enchant monster (good)
  4496 | D:6      | XOM: confuse monster(s)
  4506 | D:6      | Killed a kobold demonologist
  4663 | D:6      | Noticed Prince Ribbit
  4672 | D:6      | Killed Prince Ribbit
  4672 | D:6      | Reached skill level 9 in Unarmed Combat
  4672 | D:6      | Reached XP level 9. HP: 56/93 MP: 8/8
  4837 | D:6      | Found a sacrificial altar of Ru.
  5219 | D:7      | XOM: fog
  5237 | D:7      | Found a white marble altar of Elyvilon.
  5294 | D:7      | Found an opulent altar of Gozag.
  5513 | D:7      | XOM: give mutation
  5513 | D:7      | Gained mutation: You are partially covered in slimy green scales. (AC +2) [Xom's grace]
  5549 | D:8      | XOM: noise
  5660 | D:8      | XOM is BORED!
  5660 | D:8      | XOM: mild Conj miscast
  5661 | D:8      | Found a sand-covered staircase.
  5678 | Ossuary  | Entered an ossuary
  5781 | Ossuary  | Noticed Kirkhe's ghost (amateur OpTm)
  5787 | Ossuary  | Killed Kirkhe's ghost
  5802 | Ossuary  | Reached skill level 10 in Unarmed Combat
  5826 | Ossuary  | XOM: mild Divn miscast
  6131 | D:8      | XOM: harmless Summ miscast
  6140 | D:8      | XOM: medium Divn miscast
  6141 | D:8      | Found a flagged portal.
  6156 | Bailey   | Entered a bailey
  6164 | Bailey   | Gained mutation: Your flesh is cold resistant. (rC+) [potion of beneficial mutation]
  6171 | Bailey   | Noticed a deep elf mage
  6177 | Bailey   | Killed a deep elf mage
  6177 | Bailey   | Reached XP level 10. HP: 107/107 MP: 6/9
  6189 | Bailey   | Noticed a deep elf mage
  6190 | Bailey   | Noticed a deep elf mage
  6190 | Bailey   | Noticed a deep elf mage
  6190 | Bailey   | Noticed a deep elf mage
  6191 | Bailey   | Noticed a deep elf mage
  6191 | Bailey   | Noticed a deep elf mage
  6196 | Bailey   | Killed a deep elf mage
  6196 | Bailey   | XOM: smoke on damage
  6200 | Bailey   | Killed a deep elf mage
  6200 | Bailey   | Reached skill level 11 in Unarmed Combat
  6205 | Bailey   | Killed a deep elf mage
  6207 | Bailey   | Killed a deep elf mage
  6208 | Bailey   | Killed a deep elf mage
  6210 | Bailey   | Killed a deep elf mage
  6320 | Bailey   | Noticed a deep elf archer
  6341 | Bailey   | Killed a deep elf archer
  6341 | Bailey   | Reached skill level 10 in Fighting
  6548 | D:8      | XOM: mild Air miscast
  6556 | D:8      | XOM: confuse monster(s)
  6802 | D:8      | Reached skill level 1 in Throwing
  6861 | D:8      | XOM: harmless Hex miscast
  7085 | D:9      | XOM: potion effect (brilliance)
  7100 | D:9      | Reached skill level 12 in Unarmed Combat
  7141 | D:9      | Noticed Pikel
  7151 | D:9      | XOM: scenery: 1 doors open
  7158 | D:9      | Killed Pikel
  7253 | D:9      | Reached XP level 11. HP: 116/117 MP: 10/10
  7316 | D:9      | XOM: scenery: create altars
  7463 | D:9      | Noticed Erica
  7468 | D:9      | Killed Erica
  7488 | D:9      | XOM: scenery: 1 doors open
  7518 | D:9      | XOM: cloud trail
  7594 | D:9      | Found an ancient bone altar of Kikubaaqudgha.
  7828 | D:10     | Entered Level 10 of the Dungeon
  7838 | D:10     | Found a staircase to the Lair.
  7911 | D:10     | XOM: enchant monster (bad)
  7982 | D:10     | XOM: noise
  8003 | D:10     | XOM is BORED!
  8003 | D:10     | XOM: 4-stop teleportation journey
  8017 | D:10     | XOM: smoke on damage
  8137 | D:10     | XOM: chaos cloud
  8143 | D:10     | XOM: cast spell 'Ring of Flames'
  8376 | D:10     | XOM: give mutations
  8376 | D:10     | Gained mutation: You have a pair of small horns on your head. [Xom's grace]
  8376 | D:10     | Gained mutation: You are robust. (+10% HP) [Xom's grace]
  8405 | D:11     | XOM: polymorph troll -> black bear
  8408 | D:11     | Reached skill level 5 in Throwing
  8429 | D:11     | Noticed a hill giant
  8435 | D:11     | Killed a hill giant
  8514 | D:11     | Noticed a cyan ugly thing
  8519 | D:11     | XOM: 8-stop teleportation journey
  8549 | D:11     | Reached skill level 5 in Dodging
  8564 | D:11     | Noticed a hill giant
  8572 | D:11     | Killed a hill giant
  8577 | D:11     | XOM: harmless Air miscast
  8596 | D:11     | XOM: cast spell 'Summon Horrible Things'
  8599 | D:11     | Killed a cyan ugly thing
  8618 | D:11     | Lost mutation: You are dopey. (Int -2) [mutagenic meat]
  8621 | D:11     | Lost mutation: You are robust. (+10% HP) [mutagenic meat]
  8951 | D:11     | Noticed a six-headed hydra
  8954 | D:11     | XOM: smoke on damage
  8956 | D:11     | Killed a six-headed hydra
  9036 | D:11     | XOM: give mutations
  9036 | D:11     | Gained mutation: Scrolls take you a little longer to read. [Xom's mischief]
  9036 | D:11     | Lost mutation: You have a pair of small horns on your head. [Xom's mischief]
  9036 | D:11     | Gained mutation: You occasionally shout uncontrollably at your foes. [Xom's mischief]
  9177 | Lair:1   | Entered Level 1 of the Lair of Beasts
  9242 | Lair:1   | XOM: enchant monster (good)
  9302 | Lair:1   | XOM: cleaving
  9310 | Lair:1   | Mangled by a komodo dragon

Vault maps used:
D:1:      dpeg_arrival_erosion
D:3:      first_bread, minmay_misc_feat_pillars
D:4:      minmay_goblin_kobold_castle, uniq_eustachio
D:5:      grunt_temple_overflow_open, basic_altar, serial_shops, shop,
          okawaru_metal_pillars_1_2
D:6:      old_standard_altar, uniq_prince_ribbit1
D:7:      minmay_cornered_nines, elyvilon_altar_4, grunt_gozag_breadcrumbs
D:8:      enter_bailey_3, enter_ossuary_4, dk_noncrumbling_3, the_bakery,
          lightli_corner_chamber
D:9:      kennysheep_mini, bh_walls_and_bars, uniq_pikel, uniq_erica
D:10:     due_lair_maze_entry_diamond
Lair:1:   serial_bayou, serial_bayou_pond_c, serial_bayou_ford_a,
          serial_bayou_crossing, serial_bayou_lagoon_b, lemuel_fruit_fields
Ossuary:  ossuary_due_cavern
Bailey:   bailey_polearm_3, bailey

Skill      XL: |  1  2  3  4  5  6  7  8  9 10 11 |
---------------+----------------------------------+-----
Fighting       | 3 4 5 6 7 9 10 | 10.0
Unarmed Combat | 4 5 6 7 9 10 12 | 12.0
Throwing       | 2 6 |  6.7
Dodging        | 2 6 |  6.1

Action                   |  1- 3 |  4- 6 |  7- 9 | 10-12 || total
-------------------------+-------+-------+-------+-------++-------
Melee: Unarmed           |    95 |   274 |   337 |   317 ||  1023
       Punch             |       |     4 |     8 |    19 ||    31
       Headbutt          |       |       |       |    13 ||    13
Throw: Large rock        |       |       |       |     9 ||     9
  Use: Scroll            |       |    15 |     8 |     4 ||    27
       Potion            |       |       |     2 |       ||     2
 Stab: Invisible         |       |     4 |       |       ||     4
       Sleeping          |       |       |     3 |       ||     3
       Distracted        |       |       |       |     2 ||     2
  Eat: Chunk             |    13 |    19 |    25 |    38 ||    95
Armor: Robe              |    27 |   110 |       |       ||   137
       Troll leather arm |       |       |   123 |   102 ||   225
Dodge: Dodged            |    43 |   156 |   150 |   207 ||   556

Table legend:
 A = Turns spent in this place as a percentage of turns spent in the entire game.
 B = Non-inter-level travel turns spent in this place as a percentage of non-inter-level travel turns spent in the entire game.
 C = Inter-level travel turns spent in this place as a percentage of turns spent in this place.
 D = Turns resting spent in this place as a percentage of non-inter-level travel turns spent in this place.
 E = Turns spent auto-exploring this place as a percentage of non-inter-level travel turns spent in this place.
 F = Non-inter-level travel turns spent in this place divided by the number of levels of this place that you've seen.
                   A       B       C       D       E      F
               +-------+-------+-------+-------+-------+----------------------
         Total | 100.0 | 100.0 |   0.4 |   1.3 |  10.4 | 244.7
       Dungeon |  84.4 |  84.4 |   0.5 |   1.1 |  11.9 | 262.7
          Lair |   2.6 |   2.6 |   0.0 |   3.4 |   5.6 |  89.0
       Ossuary |   6.7 |   6.8 |   0.0 |   1.3 |   0.0 | 232.0
        Bailey |   6.2 |   6.3 |   0.0 |   2.3 |   2.8 | 215.0
               +-------+-------+-------+-------+-------+----------------------

Table legend:
 A = Kills in this place as a percentage of kills in entire the game.
 B = Kills by you in this place as a percentage of kills by you in the entire game.
 C = Kills by friends in this place as a percentage of kills by friends in the entire game.
 D = Other kills in this place as a percentage of other kills in the entire game.
 E = Experience gained in this place as a percentage of experience gained in the entire game.
 F = Experience gained in this place divided by the number of levels of this place that you have seen.
                   A       B       C       D       E      F
               +-------+-------+-------+-------+-------+----------------------
         Total | 100.0 | 100.0 | 100.0 |  -nan | 100.0 | 1429.3
       Dungeon |  90.8 |  91.5 |  57.1 |  -nan |  70.2 | 1277.2
          Lair |   2.7 |   2.7 |   0.0 |  -nan |   5.4 | 1079.0
       Ossuary |   4.1 |   4.2 |   0.0 |  -nan |   4.6 | 915.0
        Bailey |   2.4 |   1.5 |  42.9 |  -nan |  19.8 | 3967.0
               +-------+-------+-------+-------+-------+----------------------
